Blackdemons vs Saguenéens
Created - January 26, 2018 at 19:26
Goals
|
| Blackdemons |
2 |
2 |
1 |
5 |
| Saguenéens |
0 |
2 |
1 |
3 |
|
Shots
|
| Blackdemons |
15 |
17 |
8 |
40 |
| Saguenéens |
8 |
10 |
5 |
23 |
|
1st period
1. Blackdemons , Branko Radivojevic 22 (Martin Hanzal 33, Ronalds Kenins 13) at 9:19 (PP)
2. Blackdemons , Scott Timmins 4 (Blake Pietila 10, Keaton Ellerby 30) at 10:54
Penalties :
Ronalds Kenins (MJM) for Tripping (Minor) at 6:11, Brett Lebda (Chi) for Hooking (Minor) at 9:04, Zac Rinaldo (Chi) for Fighting (Major) at 10:55, Martin Hanzal (MJM) for Fighting (Major) at 10:55
2nd period
3. Blackdemons , Patrice Cormier 18 (Calvin de Haan 27) at 2:20
4. Saguenéens , Juraj Mikus 20 (Rhett Rakhshani 11, Carl Hagelin 22) at 16:48
5. Blackdemons , Roman Josi 3 (Martin Hanzal 34, Jeffrey Foss 12) at 19:17
6. Saguenéens , Rhett Rakhshani 14 (Carl Hagelin 23, Juraj Mikus 30) at 19:53
Penalties :
Nick Mattson (Chi) for Hooking (Minor) at 5:42
3rd period
7. Saguenéens , Carl Hagelin 15 (Brett Lebda 14) at 0:32
8. Blackdemons , Andy McDonald 17 (Alexandre Grenier 8) at 3:52
Penalties :
Mikhail Grigorenko (Chi) for Holding (Minor) at 7:54, Brett Lebda (Chi) for Roughing (Minor) at 10:16
Goalie Stats
Laurent Brossoit (MJM), 20 saves from 23 shots - (0.870), W, 1-0-0, 60:00 minutes
Mike Smith (Chi), 35 saves from 40 shots - (0.875), L, 24-10-0, 60:00 minutes
Players Stats for Blackdemons
Player Name G A P +/- PIM S H SB GA TA FO MP PP MP PK MP
------------------------------------------------------------------------------------
Ales Kotalik 0 0 0 -1 0 4 1 0 1 0 1/2 18:42 2:44 0:20
Alexandre Grenier 0 1 1 2 0 0 1 0 0 0 2/2 14:28 0:00 0:00
Andrew MacDonald 0 0 0 0 0 2 2 4 2 0 0/0 22:39 4:14 0:58
Andy McDonald 1 0 1 2 0 5 3 0 0 0 1/1 19:13 2:44 0:56
Blake Pietila 0 1 1 1 0 0 1 2 0 0 0/0 9:48 0:00 0:00
Branko Radivojevic 1 0 1 -1 0 4 1 0 0 0 0/0 15:22 3:28 0:00
Brett Kulak 0 0 0 0 0 0 0 0 0 0 0/0 4:41 0:00 0:00
Calvin de Haan 0 1 1 0 0 0 1 0 1 3 0/0 20:47 1:56 0:00
Charles-Olivier Roussel 0 0 0 0 0 0 0 0 0 0 0/0 4:43 0:02 0:00
Jeffrey Foss 0 1 1 1 0 0 4 0 0 0 0/0 11:28 0:00 0:58
Keaton Ellerby 0 1 1 0 0 1 2 1 1 1 0/0 22:08 1:56 1:01
Kyle Rau 0 0 0 -1 0 0 1 0 0 0 6/7 13:09 0:00 0:52
Martin Hanzal 0 2 2 -1 5 7 1 0 1 0 15/26 17:59 3:28 0:20
Mathew Dumba 0 0 0 0 0 1 2 0 0 0 0/0 23:04 4:16 1:01
Max Friberg 0 0 0 1 0 2 0 0 0 0 0/0 9:48 0:00 0:00
Patrice Cormier 1 0 1 2 0 4 2 0 0 0 13/19 18:30 2:44 1:04
Roman Josi 1 0 1 1 0 3 0 0 0 2 0/0 10:30 0:00 0:00
Ronalds Kenins 0 1 1 -1 2 1 4 0 0 0 1/1 18:58 3:28 0:00
Scott Timmins 1 0 1 1 0 6 1 0 0 0 4/5 10:30 0:00 0:26
Sergei Plotnikov 0 0 0 -1 0 0 0 0 0 0 0/1 11:32 0:00 0:00
Players Stats for Saguenéens
Player Name G A P +/- PIM S H SB GA TA FO MP PP MP PK MP
------------------------------------------------------------------------------------
Artur Gavrus 0 0 0 0 0 0 0 0 0 0 0/1 1:52 0:00 1:02
Brett Lebda 0 1 1 -1 4 1 1 3 1 1 0/0 25:43 1:16 1:37
Brody Sutter 0 0 0 0 0 0 0 0 0 0 0/0 0:50 0:00 0:00
Carl Hagelin 1 2 3 3 0 5 1 1 1 0 1/1 18:22 0:57 1:00
Carson Mcmillan 0 0 0 -2 0 1 2 1 0 0 4/10 24:41 1:02 4:13
Craig Cunningham 0 0 0 -2 0 3 1 0 2 0 0/0 14:35 0:00 0:50
Dalton Prout 0 0 0 -1 0 0 1 1 0 0 0/0 27:11 1:16 3:07
Henrik Samuelsson 0 0 0 0 0 0 0 0 0 0 0/1 5:27 0:00 0:00
Jerry D'Amigo 0 0 0 -2 0 2 1 1 0 0 0/1 13:48 0:00 0:00
Juraj Mikus 1 1 2 3 0 2 2 1 1 0 5/14 16:49 0:57 0:00
Luke Witkowski 0 0 0 0 0 0 5 1 0 0 0/0 20:49 0:43 3:05
Mason Raymond 0 0 0 -2 0 0 1 0 0 2 1/4 20:52 1:02 4:19
Mikhail Grigorenko 0 0 0 0 2 0 0 0 0 0 0/1 3:28 0:00 0:00
Nicholas Walters 0 0 0 0 0 0 0 2 0 0 0/0 14:48 0:00 2:35
Nick Mattson 0 0 0 0 2 0 4 2 0 1 0/0 19:43 0:43 2:00
Patrick Sieloff 0 0 0 0 0 0 2 0 0 1 0/0 12:16 0:00 0:00
Rhett Rakhshani 1 1 2 3 0 2 0 0 0 0 0/0 16:49 0:57 0:00
Tanner Richard 0 0 0 -2 0 4 3 0 0 0 4/11 13:32 0:00 0:00
Teemu Pulkkinen 0 0 0 0 0 1 0 0 0 0 0/0 5:21 0:00 0:00
Zac Rinaldo 0 0 0 -2 5 2 2 0 1 1 6/20 16:47 1:02 1:00
3 Stars
1 - Carl Hagelin (Chi)
2 - Juraj Mikus (Chi)
3 - Andy McDonald (MJM)
Power Play
Blackdemons - 1 on 4 Attempt(s) - 25.00%
Saguenéens - 0 on 1 Attempt(s) - 0.00%
Penalty Kill
Blackdemons - 1 on 1 Attempt(s) - 100.00%
- Score 0 goal in Penalty Kill
Saguenéens - 3 on 4 Attempt(s) - 75.00%
- Score 0 goal in Penalty Kill
Team Stat
Blackdemons - Hits : 27 - Faceoff Wins : 43 - Blocked Shots : 7 - Penalty Minutes : 7
Saguenéens - Hits : 26 - Faceoff Wins : 21 - Blocked Shots : 13 - Penalty Minutes : 13
Official
Referees : Dwyer Gord and McCreary Bill
Linesman : Jonny Murray and Pierre Champoux
Game Notes
Zac Rinaldo and Martin Hanzal fight to a draw at 10:55 of 1st period
Finance
Level 1 -- Attendance: 1612 (80.60%) -- Ticket Income $64,480
Level 2 -- Attendance: 733 (73.30%) -- Ticket Income $14,660
Total Attendance: 2345 (78.17%)
Total Ticket Income: $79,140
Other Income: $3,957
Total Income: $83,097
Blackdemons
5 vs 5 Forward
Center Left Wing Right Wing Time % Phy DF OF
1 Martin Hanzal Ronalds Kenins Ales Kotalik 35 0 2 3
2 Patrice Cormier Andy McDonald Alexandre Grenier 34 0 2 3
3 Kyle Rau Sergei Plotnikov Branko Radivojevic 24 1 2 2
4 Scott Timmins Blake Pietila Max Friberg 7 0 4 1
5 vs 5 Defense
Defense Defense Time % Phy DF OF
1 Keaton Ellerby Calvin de Haan 39 0 3 2
2 Andrew MacDonald Mathew Dumba 38 0 3 2
3 Roman Josi Jeffrey Foss 18 1 2 2
4 Brett Kulak Charles-Olivier Roussel 5 1 3 1
PowerPlay Forward
Center Left Wing Right Wing Time % Phy DF OF
1 Martin Hanzal Ronalds Kenins Branko Radivojevic 60 0 1 4
2 Patrice Cormier Andy McDonald Ales Kotalik 40 0 1 4
PowerPlay Defense
Defense Defense Time % Phy DF OF
1 Andrew MacDonald Mathew Dumba 60 0 1 4
2 Keaton Ellerby Calvin de Haan 40 0 1 4
Penalty Kill 4 Players Forward
Center Wing Time % Phy DF OF
1 Patrice Cormier Ronalds Kenins 60 0 5 0
2 Martin Hanzal Ales Kotalik 40 0 5 0
Penalty Kill 4 Players Defense
Defense Defense Time % Phy DF OF
1 Andrew MacDonald Jeffrey Foss 60 0 5 0
2 Keaton Ellerby Mathew Dumba 40 0 5 0
Penalty Kill - 3 Players Forward
Forward Time % Phy DF OF
1 Patrice Cormier 60 0 5 0
2 Max Friberg 40 0 5 0
Penalty Kill - 3 Players Defense
Defense Defense Time % Phy DF OF
1 Andrew MacDonald Calvin de Haan 60 0 5 0
2 Calvin de Haan Jeffrey Foss 40 0 5 0
4 vs 4 Forward
Center Wing Time % Phy DF OF
1 Martin Hanzal Branko Radivojevic 60 1 2 2
2 Patrice Cormier Max Friberg 40 1 2 2
4 vs 4 Defense
Defense Defense Time % Phy DF OF
1 Andrew MacDonald Brett Kulak 60 1 2 2
2 Calvin de Haan Jeffrey Foss 40 1 2 2
Last Minutes Offensive
Center Left Wing Right Wing Defense Defense
Martin Hanzal Andy McDonald Branko Radivojevic Andrew MacDonald Calvin de Haan
Last Minutes Defensive
Center Left Wing Right Wing Defense Defense
Patrice Cormier Andy McDonald Branko Radivojevic Andrew MacDonald Calvin de Haan
Goaltenders
Starting : Laurent Brossoit
Backup : Matt Hackett
Extra Forwards
Normal : Ales Kotalik, Andy McDonald, Kyle Rau - PP : Andy McDonald, Ales Kotalik - PK : Kyle Rau
Extra Defensemen
Normal : Calvin de Haan, Andrew MacDonald, Jeffrey Foss - PP : Andrew MacDonald - PK : Andrew MacDonald, Calvin de Haan
Penalty Shots
Martin Hanzal, Branko Radivojevic, Ronalds Kenins, Andy McDonald, Alexandre Grenier
Scratches
Colin Smith (Healthy), Klas Dahlbeck (Healthy), Jyrki Jokipakka (Healthy), Mackenzie MacEachern (Healthy), Reece Scarlett (Healthy)
Ben Maxwell (Healthy), Nicolas Deschamps (Healthy), Jacob Lagacé (Healthy), James Livingstone (Healthy), Alexander Salak (Healthy)
Sami Aittokallio (Healthy)
Saguenéens
5 vs 5 Forward
Center Left Wing Right Wing Time % Phy DF OF
1 Zac Rinaldo Mason Raymond Carson Mcmillan 40 1 2 2
2 Juraj Mikus Carl Hagelin Rhett Rakhshani 30 1 2 2
3 Tanner Richard Craig Cunningham Jerry D'Amigo 20 1 2 2
4 Henrik Samuelsson Teemu Pulkkinen Carson Mcmillan 10 1 2 2
5 vs 5 Defense
Defense Defense Time % Phy DF OF
1 Dalton Prout Brett Lebda 40 1 2 2
2 Luke Witkowski Nick Mattson 30 1 2 2
3 Patrick Sieloff Nicholas Walters 20 1 2 2
4 Dalton Prout Brett Lebda 10 1 2 2
PowerPlay Forward
Center Left Wing Right Wing Time % Phy DF OF
1 Zac Rinaldo Mason Raymond Carson Mcmillan 60 1 2 2
2 Juraj Mikus Carl Hagelin Rhett Rakhshani 40 1 2 2
PowerPlay Defense
Defense Defense Time % Phy DF OF
1 Dalton Prout Brett Lebda 60 1 2 2
2 Luke Witkowski Nick Mattson 40 1 2 2
Penalty Kill 4 Players Forward
Center Wing Time % Phy DF OF
1 Carson Mcmillan Mason Raymond 60 1 2 2
2 Zac Rinaldo Carl Hagelin 40 1 2 2
Penalty Kill 4 Players Defense
Defense Defense Time % Phy DF OF
1 Dalton Prout Brett Lebda 60 1 2 2
2 Luke Witkowski Nick Mattson 40 1 2 2
Penalty Kill - 3 Players Forward
Forward Time % Phy DF OF
1 Carson Mcmillan 60 1 2 2
2 Mason Raymond 40 1 2 2
Penalty Kill - 3 Players Defense
Defense Defense Time % Phy DF OF
1 Dalton Prout Brett Lebda 60 1 2 2
2 Luke Witkowski Nick Mattson 40 1 2 2
4 vs 4 Forward
Center Wing Time % Phy DF OF
1 Carson Mcmillan Mason Raymond 60 1 2 2
2 Zac Rinaldo Carl Hagelin 40 1 2 2
4 vs 4 Defense
Defense Defense Time % Phy DF OF
1 Dalton Prout Brett Lebda 60 1 2 2
2 Luke Witkowski Nick Mattson 40 1 2 2
Last Minutes Offensive
Center Left Wing Right Wing Defense Defense
Zac Rinaldo Mason Raymond Carson Mcmillan Dalton Prout Brett Lebda
Last Minutes Defensive
Center Left Wing Right Wing Defense Defense
Zac Rinaldo Mason Raymond Carson Mcmillan Dalton Prout Brett Lebda
Goaltenders
Starting : Mike Smith
Backup : Martin Jones
Extra Forwards
Normal : Mikhail Grigorenko, Brody Sutter, Artur Gavrus - PP : Mikhail Grigorenko, Brody Sutter - PK : Artur Gavrus
Extra Defensemen
Normal : Patrick Sieloff, Nicholas Walters, Luke Witkowski - PP : Patrick Sieloff - PK : Nicholas Walters, Luke Witkowski
Penalty Shots
Carson Mcmillan, Mason Raymond, Zac Rinaldo, Carl Hagelin, Rhett Rakhshani
Scratches
Jake McCabe (Healthy), Spencer Machacek (Healthy), Garret Sparks (Healthy)
% Time on Ice - Blackdemons
Lines # - Real PCT - Wanted PCT - Time Play
Normal Forward
1 - 31% - 35% - 15:57
2 - 28% - 34% - 14:41
3 - 22% - 24% - 11:23
4 - 19% - 7% - 9:48
Normal Defense
1 - 35% - 39% - 17:59
2 - 36% - 38% - 18:39
3 - 20% - 18% - 10:30
4 - 9% - 5% - 4:41
PP Forward
1 - 56% - 60% - 3:28
2 - 44% - 40% - 2:44
PP Defense
1 - 69% - 60% - 4:16
2 - 31% - 40% - 1:56
PK Forward
1 - 83% - 60% - 1:39
2 - 17% - 40% - 0:20
PK Defense
1 - 49% - 60% - 0:58
2 - 51% - 40% - 1:01
PK3 Forward
1 - 0% - 60%
2 - 0% - 40%
PK3 Defense
1 - 0% - 60%
2 - 0% - 40%
44 Forward
1 - 0% - 60%
2 - 0% - 40%
44 Defense
1 - 0% - 60%
2 - 0% - 40%
Last Minute Offensive - 0:00
Last Minute Defensive - 0:00
Total
Forward - 60:00
Defense - 60:00
|
% Time on Ice - Saguenéens
Lines # - Real PCT - Wanted PCT - Time Play
Normal Forward
1 - 31% - 40% - 16:01
2 - 33% - 30% - 16:55
3 - 26% - 20% - 13:32
4 - 10% - 10% - 5:21
Normal Defense
1 - 39% - 40% - 19:58
2 - 33% - 30% - 17:01
3 - 23% - 20% - 12:00
4 - 5% - 10% - 2:50
PP Forward
1 - 52% - 60% - 1:02
2 - 48% - 40% - 0:57
PP Defense
1 - 64% - 60% - 1:16
2 - 36% - 40% - 0:43
PK Forward
1 - 84% - 60% - 5:12
2 - 16% - 40% - 1:00
PK Defense
1 - 50% - 60% - 3:07
2 - 50% - 40% - 3:05
PK3 Forward
1 - 0% - 60%
2 - 0% - 40%
PK3 Defense
1 - 0% - 60%
2 - 0% - 40%
44 Forward
1 - 0% - 60%
2 - 0% - 40%
44 Defense
1 - 0% - 60%
2 - 0% - 40%
Last Minute Offensive - 0:00
Last Minute Defensive - 0:00
Total
Forward - 60:00
Defense - 60:00
|
Play by Play
1st period
0:01 of 1st period - Martin Hanzal wins face-off versus Zac Rinaldo in neutral zone.
0:04 of 1st period - Wrist shot by Ronalds Kenins.
0:04 of 1st period - Shot Blocked by Brett Lebda.
0:06 of 1st period - Slapshot by Keaton Ellerby.
0:06 of 1st period - Stopped by Mike Smith without a rebound.
0:07 of 1st period - Zac Rinaldo wins face-off versus Martin Hanzal in Saguenéens zone.
0:14 of 1st period - Martin Hanzal is hit by Zac Rinaldo.
0:20 of 1st period - Snap shot by Martin Hanzal.
0:20 of 1st period - Deflect By Brett Lebda.
0:20 of 1st period - Stopped by Mike Smith without a rebound.
0:21 of 1st period - Patrice Cormier wins face-off versus Juraj Mikus in Saguenéens zone.
0:24 of 1st period - Snap shot by Andy McDonald.
0:24 of 1st period - Stopped by Mike Smith with a rebound.
0:34 of 1st period - Wrist shot by Carl Hagelin.
0:34 of 1st period - Stopped by Laurent Brossoit without a rebound.
0:35 of 1st period - Kyle Rau wins face-off versus Tanner Richard in Blackdemons zone.
0:35 of 1st period - Kyle Rau is hit by Tanner Richard.
0:49 of 1st period - Wrist shot by Branko Radivojevic.
0:49 of 1st period - Stopped by Mike Smith with a rebound.
0:52 of 1st period - Icing by Patrick Sieloff.
0:53 of 1st period - Tanner Richard wins face-off versus Patrice Cormier in Saguenéens zone.
1:18 of 1st period - Mason Raymond is hit by Andrew MacDonald and loses puck.
1:25 of 1st period - Snap shot by Scott Timmins.
1:25 of 1st period - Stopped by Mike Smith without a rebound.
1:26 of 1st period - Carl Hagelin wins face-off versus Martin Hanzal in Saguenéens zone.
1:31 of 1st period - Calvin de Haan is hit by Carl Hagelin and loses puck.
2:11 of 1st period - Snap shot by Tanner Richard.
2:11 of 1st period - Stopped by Laurent Brossoit without a rebound.
2:12 of 1st period - Tanner Richard wins face-off versus Patrice Cormier in Blackdemons zone.
2:37 of 1st period - Alexandre Grenier is hit by Luke Witkowski and loses puck.
3:41 of 1st period - Snap shot by Patrice Cormier.
3:41 of 1st period - Deflect By Carson Mcmillan.
3:41 of 1st period - Stopped by Mike Smith with a rebound.
3:49 of 1st period - Wrist shot by Patrice Cormier.
3:49 of 1st period - Stopped by Mike Smith without a rebound.
3:50 of 1st period - Juraj Mikus wins face-off versus Martin Hanzal in Saguenéens zone.
3:50 of 1st period - Juraj Mikus is hit by Ronalds Kenins.
4:29 of 1st period - Slapshot by Carl Hagelin.
4:29 of 1st period - Stopped by Laurent Brossoit without a rebound.
4:30 of 1st period - Tanner Richard wins face-off versus Sergei Plotnikov in Blackdemons zone.
4:43 of 1st period - Snap shot by Craig Cunningham.
4:43 of 1st period - Stopped by Laurent Brossoit with a rebound.
4:45 of 1st period - Slapshot by Brett Lebda.
4:45 of 1st period - Shot Misses the Net.
5:18 of 1st period - Ronalds Kenins is hit by Nick Mattson and loses puck.
5:45 of 1st period - Snap shot by Andrew MacDonald.
5:45 of 1st period - Shot Misses the Net.
5:55 of 1st period - Mathew Dumba is hit by Patrick Sieloff and loses puck.
6:04 of 1st period - Slapshot by Tanner Richard.
6:04 of 1st period - Stopped by Laurent Brossoit with a rebound.
6:06 of 1st period - Snap shot by Tanner Richard.
6:06 of 1st period - Stopped by Laurent Brossoit without a rebound.
6:07 of 1st period - Zac Rinaldo wins face-off versus Ales Kotalik in Blackdemons zone.
6:11 of 1st period - Minor Penalty to Ronalds Kenins for Tripping.
6:12 of 1st period - Patrice Cormier wins face-off versus Zac Rinaldo in Blackdemons zone.
7:14 of 1st period - Ales Kotalik is hit by Luke Witkowski and loses puck.
7:25 of 1st period - Patrice Cormier is hit by Carson Mcmillan and loses puck.
7:37 of 1st period - Off-side.
7:38 of 1st period - Scott Timmins wins face-off versus Juraj Mikus in neutral zone.
7:49 of 1st period - Backhand shot by Carl Hagelin.
7:49 of 1st period - Shot Misses the Net.
7:51 of 1st period - Snap shot by Carl Hagelin.
7:51 of 1st period - Shot Misses the Net.
7:53 of 1st period - Backhand shot by Brett Lebda.
7:53 of 1st period - Shot Blocked by Keaton Ellerby.
8:11 of 1st period - Penalty to Ronalds Kenins is over, Ronalds Kenins is back on ice.
8:27 of 1st period - Snap shot by Ronalds Kenins.
8:27 of 1st period - Shot Misses the Net.
9:01 of 1st period - Snap shot by Scott Timmins.
9:01 of 1st period - Stopped by Mike Smith without a rebound.
9:02 of 1st period - Juraj Mikus wins face-off versus Martin Hanzal in Saguenéens zone.
9:04 of 1st period - Minor Penalty to Brett Lebda for Hooking.
9:05 of 1st period - Carson Mcmillan wins face-off versus Martin Hanzal in Saguenéens zone.
9:19 of 1st period - Slapshot by Branko Radivojevic.
9:19 of 1st period - Goal by Branko Radivojevic - Blackdemons : 1 - Saguenéens : 0.
9:20 of 1st period - Zac Rinaldo wins face-off versus Martin Hanzal in neutral zone.
9:36 of 1st period - Snap shot by Carson Mcmillan.
9:36 of 1st period - Shot Misses the Net.
9:59 of 1st period - Snap shot by Martin Hanzal.
9:59 of 1st period - Stopped by Mike Smith without a rebound.
10:00 of 1st period - Alexandre Grenier wins face-off versus Zac Rinaldo in Saguenéens zone.
10:03 of 1st period - Wrist shot by Andy McDonald.
10:03 of 1st period - Shot Blocked by Brett Lebda.
10:11 of 1st period - Patrice Cormier is hit by Mason Raymond and loses puck.
10:26 of 1st period - Juraj Mikus is hit by Branko Radivojevic and loses puck.
10:44 of 1st period - Icing by Rhett Rakhshani.
10:45 of 1st period - Scott Timmins wins face-off versus Tanner Richard in Saguenéens zone.
10:54 of 1st period - Wrist shot by Scott Timmins.
10:54 of 1st period - Goal by Scott Timmins - Blackdemons : 2 - Saguenéens : 0.
10:55 of 1st period - Martin Hanzal wins face-off versus Zac Rinaldo in neutral zone.
10:55 of 1st period - Zac Rinaldo and Martin Hanzal fight to a draw.
10:55 of 1st period - Penalty to Zac Rinaldo for Fighting.
10:55 of 1st period - Penalty to Martin Hanzal for Fighting.
10:56 of 1st period - Andy McDonald wins face-off versus Carson Mcmillan in neutral zone.
11:30 of 1st period - Sergei Plotnikov is hit by Luke Witkowski and loses puck.
11:41 of 1st period - Slapshot by Branko Radivojevic.
11:41 of 1st period - Shot Blocked by Jerry D'Amigo.
11:43 of 1st period - Slapshot by Calvin de Haan.
11:43 of 1st period - Deflect By Scott Timmins.
11:43 of 1st period - Shot Blocked by Luke Witkowski.
11:43 of 1st period - Puck is out of play.
11:44 of 1st period - Scott Timmins wins face-off versus Tanner Richard in Saguenéens zone.
11:57 of 1st period - Slapshot by Dalton Prout.
11:57 of 1st period - Shot Misses the Net.
11:59 of 1st period - Wrist shot by Brett Lebda.
11:59 of 1st period - Stopped by Laurent Brossoit with a rebound.
12:15 of 1st period - Snap shot by Jerry D'Amigo.
12:15 of 1st period - Shot Blocked by Andrew MacDonald.
12:36 of 1st period - Slapshot by Jerry D'Amigo.
12:36 of 1st period - Shot Misses the Net.
12:38 of 1st period - Wrist shot by Jerry D'Amigo.
12:38 of 1st period - Shot Blocked by Andrew MacDonald.
12:40 of 1st period - Wrist shot by Tanner Richard.
12:40 of 1st period - Stopped by Laurent Brossoit with a rebound.
12:42 of 1st period - Wrist shot by Craig Cunningham.
12:42 of 1st period - Shot Misses the Net.
12:44 of 1st period - Slapshot by Craig Cunningham.
12:44 of 1st period - Shot Blocked by Blake Pietila.
12:56 of 1st period - Backhand shot by Andrew MacDonald.
12:56 of 1st period - Deflect By Scott Timmins.
12:56 of 1st period - Shot Misses the Net.
12:56 of 1st period - Puck is out of play.
12:57 of 1st period - Patrice Cormier wins face-off versus Mikhail Grigorenko in Saguenéens zone.
13:10 of 1st period - Wrist shot by Patrice Cormier.
13:10 of 1st period - Shot Misses the Net.
13:22 of 1st period - Dalton Prout is hit by Ales Kotalik and loses puck.
13:40 of 1st period - Off-side.
13:41 of 1st period - Kyle Rau wins face-off versus Juraj Mikus in neutral zone.
13:57 of 1st period - Slapshot by Luke Witkowski.
13:57 of 1st period - Shot Misses the Net.
14:07 of 1st period - Carson Mcmillan is hit by Andy McDonald.
14:21 of 1st period - Wrist shot by Andy McDonald.
14:21 of 1st period - Deflect By Ronalds Kenins.
14:21 of 1st period - Stopped by Mike Smith with a rebound.
14:23 of 1st period - Snap shot by Andy McDonald.
14:23 of 1st period - Shot Blocked by Juraj Mikus.
14:25 of 1st period - Slapshot by Keaton Ellerby.
14:25 of 1st period - Shot Blocked by Carl Hagelin.
14:52 of 1st period - Off-side.
14:53 of 1st period - Patrice Cormier wins face-off versus Henrik Samuelsson in neutral zone.
15:20 of 1st period - Dalton Prout is hit by Kyle Rau and loses puck.
15:59 of 1st period - Wrist shot by Andy McDonald.
15:59 of 1st period - Stopped by Mike Smith without a rebound.
16:00 of 1st period - Ronalds Kenins wins face-off versus Zac Rinaldo in Saguenéens zone.
16:11 of 1st period - Wrist shot by Ales Kotalik.
16:11 of 1st period - Shot Blocked by Nick Mattson.
17:34 of 1st period - Dalton Prout is hit by Patrice Cormier and loses puck.
18:12 of 1st period - Ales Kotalik is hit by Craig Cunningham and loses puck.
18:28 of 1st period - Off-side.
18:29 of 1st period - Juraj Mikus wins face-off versus Kyle Rau in neutral zone.
18:56 of 1st period - Icing by Kyle Rau.
18:57 of 1st period - Kyle Rau wins face-off versus Tanner Richard in Blackdemons zone.
18:57 of 1st period - Kyle Rau is hit by Nick Mattson.
19:44 of 1st period - Snap shot by Ronalds Kenins.
19:44 of 1st period - Deflect By Ales Kotalik.
19:44 of 1st period - Stopped by Mike Smith without a rebound.
19:45 of 1st period - Martin Hanzal wins face-off versus Juraj Mikus in Saguenéens zone.
19:46 of 1st period - Snap shot by Ales Kotalik.
19:46 of 1st period - Stopped by Mike Smith without a rebound.
19:47 of 1st period - Martin Hanzal wins face-off versus Zac Rinaldo in Saguenéens zone.
Goals for this period are 2 for Blackdemons vs 0 for Saguenéens.
Shots for this period are 15 for Blackdemons vs 8 for Saguenéens.
2nd period
0:01 of 2nd period - Patrice Cormier wins face-off versus Zac Rinaldo in neutral zone.
0:10 of 2nd period - Snap shot by Patrice Cormier.
0:10 of 2nd period - Stopped by Mike Smith without a rebound.
0:11 of 2nd period - Zac Rinaldo wins face-off versus Patrice Cormier in Saguenéens zone.
0:36 of 2nd period - Andrew MacDonald is hit by Juraj Mikus and loses puck.
0:57 of 2nd period - Branko Radivojevic is hit by Tanner Richard and loses puck.
1:21 of 2nd period - Wrist shot by Carson Mcmillan.
1:21 of 2nd period - Shot Blocked by Blake Pietila.
1:25 of 2nd period - Slapshot by Carson Mcmillan.
1:25 of 2nd period - Shot Misses the Net.
1:37 of 2nd period - Snap shot by Carson Mcmillan.
1:37 of 2nd period - Shot Misses the Net.
2:20 of 2nd period - Backhand shot by Patrice Cormier.
2:20 of 2nd period - Goal by Patrice Cormier - Blackdemons : 3 - Saguenéens : 0.
2:21 of 2nd period - Carson Mcmillan wins face-off versus Martin Hanzal in neutral zone.
2:31 of 2nd period - Wrist shot by Ronalds Kenins.
2:31 of 2nd period - Shot Blocked by Dalton Prout.
2:33 of 2nd period - Wrist shot by Ales Kotalik.
2:33 of 2nd period - Shot Misses the Net.
2:35 of 2nd period - Slapshot by Andrew MacDonald.
2:35 of 2nd period - Stopped by Mike Smith without a rebound.
2:36 of 2nd period - Patrice Cormier wins face-off versus Zac Rinaldo in Saguenéens zone.
2:51 of 2nd period - Snap shot by Andy McDonald.
2:51 of 2nd period - Shot Misses the Net.
2:58 of 2nd period - Icing by Dalton Prout.
2:59 of 2nd period - Martin Hanzal wins face-off versus Juraj Mikus in Saguenéens zone.
3:04 of 2nd period - Snap shot by Martin Hanzal.
3:04 of 2nd period - Stopped by Mike Smith with a rebound.
3:06 of 2nd period - Slapshot by Roman Josi.
3:06 of 2nd period - Stopped by Mike Smith without a rebound.
3:07 of 2nd period - Martin Hanzal wins face-off versus Mason Raymond in Saguenéens zone.
3:29 of 2nd period - Icing by Jeffrey Foss.
3:30 of 2nd period - Juraj Mikus wins face-off versus Patrice Cormier in Blackdemons zone.
4:03 of 2nd period - Snap shot by Juraj Mikus.
4:03 of 2nd period - Shot Misses the Net.
4:05 of 2nd period - Wrist shot by Carl Hagelin.
4:05 of 2nd period - Shot Blocked by Andrew MacDonald.
4:07 of 2nd period - Wrist shot by Juraj Mikus.
4:07 of 2nd period - Stopped by Laurent Brossoit with a rebound.
4:09 of 2nd period - Snap shot by Rhett Rakhshani.
4:09 of 2nd period - Shot Misses the Net.
4:11 of 2nd period - Wrist shot by Carl Hagelin.
4:11 of 2nd period - Stopped by Laurent Brossoit without a rebound.
4:12 of 2nd period - Martin Hanzal wins face-off versus Mason Raymond in Blackdemons zone.
4:19 of 2nd period - Brett Lebda is hit by Martin Hanzal.
4:29 of 2nd period - Calvin de Haan is hit by Dalton Prout and loses puck.
5:04 of 2nd period - Andy McDonald is hit by Brett Lebda and loses puck.
5:25 of 2nd period - Slapshot by Scott Timmins.
5:25 of 2nd period - Deflect By Max Friberg.
5:25 of 2nd period - Stopped by Mike Smith with a rebound.
5:27 of 2nd period - Slapshot by Blake Pietila.
5:27 of 2nd period - Deflect By Scott Timmins.
5:27 of 2nd period - Shot Misses the Net.
5:27 of 2nd period - Puck is out of play.
5:28 of 2nd period - Scott Timmins wins face-off versus Juraj Mikus in Saguenéens zone.
5:42 of 2nd period - Minor Penalty to Nick Mattson for Hooking.
5:43 of 2nd period - Martin Hanzal wins face-off versus Carson Mcmillan in Saguenéens zone.
7:10 of 2nd period - Luke Witkowski is hit by Mathew Dumba and loses puck.
7:42 of 2nd period - Penalty to Nick Mattson is over, Nick Mattson is back on ice.
7:59 of 2nd period - Scott Timmins is hit by Luke Witkowski and loses puck.
8:04 of 2nd period - Wrist shot by Zac Rinaldo.
8:04 of 2nd period - Deflect By Roman Josi.
8:04 of 2nd period - Stopped by Laurent Brossoit with a rebound.
8:06 of 2nd period - Snap shot by Nick Mattson.
8:06 of 2nd period - Shot Misses the Net.
8:08 of 2nd period - Snap shot by Carl Hagelin.
8:08 of 2nd period - Stopped by Laurent Brossoit without a rebound.
8:09 of 2nd period - Kyle Rau wins face-off versus Tanner Richard in Blackdemons zone.
8:34 of 2nd period - Patrick Sieloff is hit by Andy McDonald and loses puck.
8:54 of 2nd period - Snap shot by Teemu Pulkkinen.
8:54 of 2nd period - Shot Misses the Net.
9:08 of 2nd period - Keaton Ellerby is hit by Jerry D'Amigo and loses puck.
9:24 of 2nd period - Icing by Zac Rinaldo.
9:25 of 2nd period - Kyle Rau wins face-off versus Zac Rinaldo in Saguenéens zone.
9:26 of 2nd period - Snap shot by Branko Radivojevic.
9:26 of 2nd period - Shot Blocked by Nick Mattson.
9:28 of 2nd period - Slapshot by Branko Radivojevic.
9:28 of 2nd period - Stopped by Mike Smith without a rebound.
9:29 of 2nd period - Martin Hanzal wins face-off versus Juraj Mikus in Saguenéens zone.
9:56 of 2nd period - Mason Raymond is hit by Alexandre Grenier and loses puck.
10:21 of 2nd period - Wrist shot by Zac Rinaldo.
10:21 of 2nd period - Shot Misses the Net.
10:23 of 2nd period - Wrist shot by Jerry D'Amigo.
10:23 of 2nd period - Stopped by Laurent Brossoit with a rebound.
11:16 of 2nd period - Snap shot by Scott Timmins.
11:16 of 2nd period - Stopped by Mike Smith with a rebound.
11:18 of 2nd period - Slapshot by Mathew Dumba.
11:18 of 2nd period - Shot Misses the Net.
11:20 of 2nd period - Wrist shot by Max Friberg.
11:20 of 2nd period - Stopped by Mike Smith without a rebound.
11:21 of 2nd period - Ales Kotalik wins face-off versus Jerry D'Amigo in Saguenéens zone.
12:20 of 2nd period - Rhett Rakhshani is hit by Jeffrey Foss and loses puck.
13:01 of 2nd period - Slapshot by Andy McDonald.
13:01 of 2nd period - Shot Blocked by Brett Lebda.
13:10 of 2nd period - Icing by Dalton Prout.
13:11 of 2nd period - Tanner Richard wins face-off versus Scott Timmins in Saguenéens zone.
13:32 of 2nd period - Rhett Rakhshani is hit by Mathew Dumba and loses puck.
13:57 of 2nd period - Wrist shot by Scott Timmins.
13:57 of 2nd period - Stopped by Mike Smith with a rebound.
13:59 of 2nd period - Snap shot by Blake Pietila.
13:59 of 2nd period - Shot Misses the Net.
14:09 of 2nd period - Slapshot by Scott Timmins.
14:09 of 2nd period - Stopped by Mike Smith with a rebound.
14:25 of 2nd period - Snap shot by Rhett Rakhshani.
14:25 of 2nd period - Stopped by Laurent Brossoit with a rebound.
14:33 of 2nd period - Slapshot by Carl Hagelin.
14:33 of 2nd period - Shot Misses the Net.
14:46 of 2nd period - Wrist shot by Max Friberg.
14:46 of 2nd period - Deflect By Scott Timmins.
14:46 of 2nd period - Shot Misses the Net.
14:46 of 2nd period - Puck is out of play.
14:47 of 2nd period - Martin Hanzal wins face-off versus Carson Mcmillan in Saguenéens zone.
14:58 of 2nd period - Snap shot by Ales Kotalik.
14:58 of 2nd period - Shot Misses the Net.
15:38 of 2nd period - Snap shot by Branko Radivojevic.
15:38 of 2nd period - Stopped by Mike Smith with a rebound.
15:56 of 2nd period - Snap shot by Martin Hanzal.
15:56 of 2nd period - Shot Misses the Net.
15:58 of 2nd period - Wrist shot by Ales Kotalik.
15:58 of 2nd period - Deflect By Martin Hanzal.
15:58 of 2nd period - Stopped by Mike Smith without a rebound.
15:59 of 2nd period - Patrice Cormier wins face-off versus Tanner Richard in Saguenéens zone.
16:24 of 2nd period - Snap shot by Ronalds Kenins.
16:24 of 2nd period - Shot Misses the Net.
16:26 of 2nd period - Slapshot by Roman Josi.
16:26 of 2nd period - Stopped by Mike Smith without a rebound.
16:27 of 2nd period - Mason Raymond wins face-off versus Martin Hanzal in Saguenéens zone.
16:38 of 2nd period - Wrist shot by Zac Rinaldo.
16:38 of 2nd period - Stopped by Laurent Brossoit without a rebound.
16:39 of 2nd period - Juraj Mikus wins face-off versus Martin Hanzal in Blackdemons zone.
16:48 of 2nd period - Slapshot by Juraj Mikus.
16:48 of 2nd period - Goal by Juraj Mikus - Blackdemons : 3 - Saguenéens : 1.
16:49 of 2nd period - Martin Hanzal wins face-off versus Zac Rinaldo in neutral zone.
17:14 of 2nd period - Zac Rinaldo is hit by Keaton Ellerby and loses puck.
17:43 of 2nd period - Mathew Dumba is hit by Carson Mcmillan and loses puck.
18:18 of 2nd period - Roman Josi is hit by Luke Witkowski and loses puck.
18:26 of 2nd period - Nick Mattson is hit by Jeffrey Foss and loses puck.
18:45 of 2nd period - Snap shot by Martin Hanzal.
18:45 of 2nd period - Shot Misses the Net.
18:47 of 2nd period - Slapshot by Roman Josi.
18:47 of 2nd period - Shot Misses the Net.
19:13 of 2nd period - Wrist shot by Martin Hanzal.
19:13 of 2nd period - Stopped by Mike Smith with a rebound.
19:15 of 2nd period - Slapshot by Jeffrey Foss.
19:15 of 2nd period - Deflect By Martin Hanzal.
19:15 of 2nd period - Stopped by Mike Smith with a rebound.
19:17 of 2nd period - Slapshot by Roman Josi.
19:17 of 2nd period - Goal by Roman Josi - Blackdemons : 4 - Saguenéens : 1.
19:18 of 2nd period - Zac Rinaldo wins face-off versus Patrice Cormier in neutral zone.
19:21 of 2nd period - Wrist shot by Carson Mcmillan.
19:21 of 2nd period - Stopped by Laurent Brossoit without a rebound.
19:22 of 2nd period - Patrice Cormier wins face-off versus Zac Rinaldo in Blackdemons zone.
19:51 of 2nd period - Snap shot by Carl Hagelin.
19:51 of 2nd period - Shot Hit the Post.
19:53 of 2nd period - Wrist shot by Rhett Rakhshani.
19:53 of 2nd period - Goal by Rhett Rakhshani - Blackdemons : 4 - Saguenéens : 2.
19:54 of 2nd period - Patrice Cormier wins face-off versus Mason Raymond in neutral zone.
Goals for this period are 2 for Blackdemons vs 2 for Saguenéens.
Shots for this period are 17 for Blackdemons vs 10 for Saguenéens.
3rd period
0:01 of 3rd period - Zac Rinaldo wins face-off versus Patrice Cormier in neutral zone.
0:27 of 3rd period - Andrew MacDonald is hit by Juraj Mikus and loses puck.
0:32 of 3rd period - Snap shot by Carl Hagelin.
0:32 of 3rd period - Goal by Carl Hagelin - Blackdemons : 4 - Saguenéens : 3.
0:33 of 3rd period - Patrice Cormier wins face-off versus Zac Rinaldo in neutral zone.
1:00 of 3rd period - Carl Hagelin is hit by Ronalds Kenins and loses puck.
1:26 of 3rd period - Carl Hagelin is hit by Andrew MacDonald.
3:32 of 3rd period - Icing by Nick Mattson.
3:33 of 3rd period - Martin Hanzal wins face-off versus Juraj Mikus in Saguenéens zone.
3:44 of 3rd period - Snap shot by Ales Kotalik.
3:44 of 3rd period - Shot Misses the Net.
3:46 of 3rd period - Wrist shot by Ales Kotalik.
3:46 of 3rd period - Stopped by Mike Smith without a rebound.
3:47 of 3rd period - Alexandre Grenier wins face-off versus Zac Rinaldo in Saguenéens zone.
3:50 of 3rd period - Wrist shot by Andy McDonald.
3:50 of 3rd period - Stopped by Mike Smith with a rebound.
3:52 of 3rd period - Wrist shot by Andy McDonald.
3:52 of 3rd period - Goal by Andy McDonald - Blackdemons : 5 - Saguenéens : 3.
3:53 of 3rd period - Patrice Cormier wins face-off versus Zac Rinaldo in neutral zone.
4:24 of 3rd period - Rhett Rakhshani is hit by Ronalds Kenins and loses puck.
4:51 of 3rd period - Slapshot by Craig Cunningham.
4:51 of 3rd period - Shot Blocked by Andrew MacDonald.
5:03 of 3rd period - Carson Mcmillan is hit by Patrice Cormier and loses puck.
5:23 of 3rd period - Slapshot by Luke Witkowski.
5:23 of 3rd period - Shot Misses the Net.
5:29 of 3rd period - Rhett Rakhshani is hit by Ronalds Kenins and loses puck.
6:32 of 3rd period - Patrick Sieloff is hit by Andy McDonald and loses puck.
7:32 of 3rd period - Snap shot by Ales Kotalik.
7:32 of 3rd period - Shot Hit the Post.
7:48 of 3rd period - Zac Rinaldo is hit by Scott Timmins and loses puck.
7:54 of 3rd period - Minor Penalty to Mikhail Grigorenko for Holding.
7:55 of 3rd period - Carson Mcmillan wins face-off versus Martin Hanzal in Saguenéens zone.
9:11 of 3rd period - Icing by Ronalds Kenins.
9:12 of 3rd period - Patrice Cormier wins face-off versus Artur Gavrus in Blackdemons zone.
9:25 of 3rd period - Wrist shot by Andy McDonald.
9:25 of 3rd period - Stopped by Mike Smith with a rebound.
9:27 of 3rd period - Slapshot by Calvin de Haan.
9:27 of 3rd period - Shot Misses the Net.
9:37 of 3rd period - Mason Raymond is hit by Calvin de Haan and loses puck.
9:42 of 3rd period - Slapshot by Andy McDonald.
9:42 of 3rd period - Shot Blocked by Carson Mcmillan.
9:44 of 3rd period - Slapshot by Mathew Dumba.
9:44 of 3rd period - Stopped by Mike Smith with a rebound.
9:54 of 3rd period - Penalty to Mikhail Grigorenko is over, Mikhail Grigorenko is back on ice.
9:54 of 3rd period - Snap shot by Ales Kotalik.
9:54 of 3rd period - Stopped by Mike Smith with a rebound.
9:59 of 3rd period - Off-side.
10:00 of 3rd period - Kyle Rau wins face-off versus Juraj Mikus in neutral zone.
10:16 of 3rd period - Minor Penalty to Brett Lebda for Roughing.
10:17 of 3rd period - Martin Hanzal wins face-off versus Carson Mcmillan in Saguenéens zone.
10:37 of 3rd period - Icing by Martin Hanzal.
10:38 of 3rd period - Carson Mcmillan wins face-off versus Martin Hanzal in Blackdemons zone.
10:57 of 3rd period - Snap shot by Ronalds Kenins.
10:57 of 3rd period - Shot Blocked by Nicholas Walters.
10:59 of 3rd period - Slapshot by Martin Hanzal.
10:59 of 3rd period - Stopped by Mike Smith without a rebound.
11:00 of 3rd period - Patrice Cormier wins face-off versus Carson Mcmillan in Saguenéens zone.
11:32 of 3rd period - Wrist shot by Martin Hanzal.
11:32 of 3rd period - Shot Blocked by Nicholas Walters.
11:34 of 3rd period - Slapshot by Andrew MacDonald.
11:34 of 3rd period - Stopped by Mike Smith without a rebound.
11:35 of 3rd period - Martin Hanzal wins face-off versus Carson Mcmillan in Saguenéens zone.
12:16 of 3rd period - Penalty to Brett Lebda is over, Brett Lebda is back on ice.
12:27 of 3rd period - Craig Cunningham is hit by Blake Pietila and loses puck.
12:36 of 3rd period - Slapshot by Jerry D'Amigo.
12:36 of 3rd period - Stopped by Laurent Brossoit with a rebound.
13:11 of 3rd period - Sergei Plotnikov is hit by Patrick Sieloff and loses puck.
13:18 of 3rd period - Snap shot by Teemu Pulkkinen.
13:18 of 3rd period - Stopped by Laurent Brossoit with a rebound.
13:36 of 3rd period - Snap shot by Craig Cunningham.
13:36 of 3rd period - Deflect By Kyle Rau.
13:36 of 3rd period - Stopped by Laurent Brossoit without a rebound.
13:37 of 3rd period - Martin Hanzal wins face-off versus Tanner Richard in Blackdemons zone.
13:37 of 3rd period - Martin Hanzal is hit by Tanner Richard.
13:43 of 3rd period - Jerry D'Amigo is hit by Jeffrey Foss and loses puck.
15:07 of 3rd period - Wrist shot by Tanner Richard.
15:07 of 3rd period - Deflect By Craig Cunningham.
15:07 of 3rd period - Stopped by Laurent Brossoit with a rebound.
16:17 of 3rd period - Tanner Richard is hit by Keaton Ellerby and loses puck.
16:28 of 3rd period - Roman Josi is hit by Zac Rinaldo and loses puck.
17:49 of 3rd period - Ales Kotalik is hit by Nick Mattson and loses puck.
18:46 of 3rd period - Brett Lebda is hit by Jeffrey Foss and loses puck.
19:24 of 3rd period - Andrew MacDonald is hit by Nick Mattson and loses puck.
Goals for this period are 1 for Blackdemons vs 1 for Saguenéens.
Shots for this period are 8 for Blackdemons vs 5 for Saguenéens.
Back to the Top